 Dungeon Crawl Stone Soup version 0.29-a0-330-g52719c12eb (webtiles) character file.

Game seed: 14801749615584579589

445 Anon1729 the Poker (level 7, -5/55 HPs)
             Began as a Merfolk Monk on May 18, 2022.
             Was a Priest of Dithmenos.
             Slain by a black bear (6 damage)
             ... on level 5 of the Dungeon.
             The game lasted 00:04:14 (5636 turns).

Anon1729 the Poker (Merfolk Monk)                   Turns: 5636, Time: 00:04:15

Health: -5/55      AC:  7    Str: 12    XL:     7   Next: 3%
Magic:  9/9        EV: 14    Int:  9    God:    Dithmenos [***...]
Gold:   317        SH:  0    Dex: 18    Spells: 6/6 levels left

rFire   . . .      SeeInvis .   a - +0 spear
rCold   . . .      Faith    .   (no shield)
rNeg    . . .      Spirit   .   i - +0 leather armour
rPois   .          Reflect  .   (no helmet)
rElec   .          Harm     .   (no cloak)
rCorr   .          Rampage  .   r - +0 pair of gloves
Will    .....                   n - +2 pair of boots
Stlth   ++++......              (no amulet)
HPRegen 0.18/turn               (no ring)
MPRegen 0.11/turn               (no ring)

@: wreathed by umbra
A: (nimble swimmer 2), mertail
a: Renounce Religion, Shadow Step


You were on level 5 of the Dungeon.
You worshipped Dithmenos.
Dithmenos was most pleased with you.
You visited 1 branch of the dungeon, and saw 5 of its levels.

You collected 317 gold pieces.

Inventory:

Hand Weapons
 a - a +0 spear (weapon)
Armour
 b - a +0 robe
 i - a +0 leather armour (worn)
 l - a +0 pair of boots
 n - a +2 pair of boots (worn)
 r - a +0 pair of gloves (worn)
Magical Staves
 A - a staff of air
Jewellery
 v - a +4 ring of protection
Wands
 y - a wand of paralysis (10)
Scrolls
 d - 2 scrolls of teleportation
 e - 4 scrolls of magic mapping
 g - 3 scrolls of enchant weapon
 o - 2 scrolls of fear
 s - a scroll of immolation {unknown}
 t - a scroll of vulnerability {unknown}
 B - a scroll of silence
Potions
 c - a potion of ambrosia
 f - a potion of magic {unknown}
 h - a potion of berserk rage {unknown}
 j - a potion of resistance {unknown}
 k - a potion of degeneration {unknown}
 m - a potion of brilliance {unknown}
 p - a potion of flight {unknown}
 q - a potion of attraction {unknown}
 u - a potion of curing {unknown}
 w - 3 potions of mutation {unknown}
 x - 3 potions of heal wounds {unknown}
 z - a potion of cancellation {unknown}


   Skills:
 + Level 4.8 Fighting
 + Level 5.8 Polearms
 + Level 5.7 Dodging
 + Level 4.2 Stealth
 * Level 2.9 Invocations


You had 6 spell levels left.
You didn't know any spells.
Your spell library contained the following spells:

 Spells                   Type           Power      Damage    Failure   Level
 Apportation              Tloc           0%         N/A       45%         1
 Scorch                   Fire           0%         2d5       61%         2
 Flame Wave               Conj/Fire      0%         2d4       99%         4
 Leda's Liquefaction      Hex/Erth       0%         N/A       99%         4
 Passage of Golubria      Tloc           0%         N/A       99%         4
 Alistair's Intoxication  Tmut/Pois      0%         N/A       100%        5
 Lee's Rapid Deconstruct  Erth           0%         3d5*      100%        5
 Silence                  Hex/Air        0%         N/A       100%        5
 Statue Form              Tmut/Erth      0%         N/A       100%        6
 Summon Cactus Giant      Summ           0%         N/A       100%        6
 Lehudib's Crystal Spear  Conj/Erth      0%         10d2      100%        8


Dungeon Overview and Level Annotations

Branches:
Dungeon (5/15)
 Temple: D:4-7

Altars:
Dithmenos


Innate Abilities, Weirdness & Mutations

((You are very nimble when in or above water. (Stealth+, EV+, Speed+++)))
Your lower body shifts to a powerful aquatic tail in water.


Message History

You hit the black bear.
The black bear is heavily wounded.
The black bear misses you. x2
The black bear claws you but does no damage.
You hit the black bear.
The black bear is severely wounded.
You closely miss the black bear.
The black bear is severely wounded.
The black bear goes berserk!
You hit the black bear.
The black bear is almost dead.
The black bear bites you! The black bear claws you.
The black bear barely misses you.
You are too injured to fight recklessly!
You are too injured to fight recklessly!
You are too injured to fight recklessly!
You are too injured to fight recklessly!
You are too injured to fight recklessly!
You hit the black bear.
The black bear is almost dead.
The black bear barely misses you.
The black bear claws you but does no damage. x2
The black bear misses you.
The black bear claws you but does no damage.
The black bear barely misses you.
You hit the black bear.
The black bear is almost dead.
The black bear bites you.
* * * LOW HITPOINT WARNING * * *
The black bear claws you.
* * * LOW HITPOINT WARNING * * *
The black bear claws you but does no damage.
Aiming: Paralyse
Press: ? - help, Shift-Dir - straight line, f/p - black bear
Aim: a black bear (almost dead, berserk, umbra, chance to affect: 49%)
The black bear resists with some effort.
The black bear bites you!
* * * LOW HITPOINT WARNING * * *
The black bear claws you.
You die...

#.........#...........
#.........#..PP..#####
#............P...#...
###...........[....#.##
.....................>#
#..........##..####.##
#..........##### #.#
#...........# #.#
#.....@.....# #.#
#.###h#####.# #.#
...... #.# #.# #.####
#.#######.# ##.####
#......##.# # .....#
#######.##.# #h
###.##.# #..........#
#. #....#.#
#..........# #..
#.#..#.# #..........#


You could see a black bear (berserk).

Vanquished Creatures
  A necrophage (D:3)
  2 scorpions
  2 iguanas (D:4)
  2 orc wizards (D:4)
  4 gnolls (D:2)
  5 adders
  2 worms
  A dart slug (D:3)
  6 bats
  7 endoplasms
  5 giant cockroaches
  6 hobgoblins
  9 jackals
  8 ball pythons
  2 frilled lizards
  5 goblins
  8 kobolds
  6 rats
81 creatures vanquished.

Notes
Turn   | Place    | Note
-------+----------+-------------------------------------------
     0 | D:1      | Anon1729 the Merfolk Monk began the quest for the Orb.
     0 | D:1      | Reached XP level 1. HP: 18/18 MP: 1/1
   102 | D:1      | Reached XP level 2. HP: 24/24 MP: 2/2
  1052 | D:2      | Reached XP level 3. HP: 30/30 MP: 3/3
  2214 | D:3      | Reached XP level 4. HP: 21/37 MP: 4/4
  2602 | D:3      | Noticed a necrophage
  2617 | D:3      | Killed a necrophage
  2618 | D:3      | Reached skill level 5 in Polearms
  2618 | D:3      | Reached skill level 5 in Dodging
  2618 | D:3      | Reached XP level 5. HP: 38/42 MP: 5/5
  3164 | D:2      | Found a faded altar of an unknown god.
  3170 | D:2      | Prayed at the altar of an unknown god.
  3170 | D:2      | Became a worshipper of Dithmenos the Shadowed
  3170 | D:2      | Reached * piety under Dithmenos
  3170 | D:2      | Reached ** piety under Dithmenos
  3405 | D:2      | Reached *** piety under Dithmenos
  3434 | D:2      | Reached skill level 1 in Invocations
  4108 | D:4      | Reached XP level 6. HP: 35/49 MP: 7/7
  5269 | D:5      | Entered Level 5 of the Dungeon
  5287 | D:5      | Reached XP level 7. HP: 24/55 MP: 7/9
  5636 | D:5      | HP: 1/55 [black bear (11)]
  5636 | D:5      | Slain by a black bear

Illustrated notes

Levels and vault maps discovered:
D:1:      heliophobic_arrival_henge, layout_basic
D:2:      layout_basic, dreamdust_ecumenical_altar_angels_and_demons,
          chequers_serial_rivers_room_a, kennysheep_generic_room_8
D:3:      layout_loops_cross
D:4:      layout_loops_ring, st_stairs_5, minmay_a_box_with_orc_wizards_in_it
D:5:      layout_basic, serial_park_tiny_2

Skill      XL: |  1  2  3  4  5  6 |
---------------+-------------------+-----
Stealth        | 3 4 |  4.2
Fighting       | 4 |  4.8
Polearms       | 5 |  5.8
Dodging        | 5 |  5.7
Invocations    | 1 2 |  2.9

Action                   |  1- 3 |  4- 6 |  7- 9 || total
-------------------------+-------+-------+-------++-------
Melee: Spear             |   157 |   299 |    25 ||   481
       Punch             |     1 |     3 |       ||     4
Throw: Throwing net      |       |     1 |       ||     1
Evoke: Wand              |       |       |     1 ||     1
  Use: Scroll            |     3 |     1 |     1 ||     5
 Stab: Sleeping          |     8 |    12 |       ||    20
       Distracted        |     1 |     2 |     1 ||     4
Armor: Robe              |    12 |       |       ||    12
       Leather armour    |     6 |    39 |    18 ||    63
Dodge: Dodged            |    91 |   151 |    28 ||   270

Table legend: (Time is in decaauts)
 A = Elapsed time spent in this place.
 B = Non-inter-level travel time spent in this place.
 C = Inter-level travel time spent in this place.
 D = Time resting spent in this place.
 E = Time spent auto-exploring this place.
 F = Levels seen in this place.
 G = Mean time per level.
                   A        B        C        D        E       F      G
               +--------+--------+--------+--------+--------+-----+--------+
         Total |   5563 |   5460 |    103 |    790 |   3818 |   5 | 1112.6 |
       Dungeon |   5563 |   5460 |    103 |    790 |   3818 |   5 | 1112.6 |
               +--------+--------+--------+--------+--------+-----+--------+

Top non-repeatable levels by time:
     D:2: 1483 daAuts
     D:4: 1483 daAuts
     D:3: 1422 daAuts
     D:1: 1004 daAuts
     D:5: 169 daAuts
